 Dungeon Crawl Stone Soup version 0.30-a0-1035-g38d5fb2972 (webtiles) character file.

Game seed: 16734935955904017846

847 Ic0nGaming the Slicer (level 8, -1/46 HPs)
             Began as a Kobold Fighter on Apr 8, 2023.
             Slain by an ogre
             ... wielding a +0 giant club
              (25 damage)
             ... on level 5 of the Dungeon.
             The game lasted 00:09:04 (4760 turns).

Ic0nGaming the Slicer (Kobold Fighter)              Turns: 4760, Time: 00:09:05

Health: -1/46      AC:  8    Str: 16    XL:     8   Next: 20%
Magic:  8/8        EV: 10    Int:  6    God:
Gold:   246        SH:  5    Dex: 16    Spells: 7/7 levels left

rFire   . . .      SeeInvis .    e - +7 spear of Impish Purpose {freeze, rN+++ rCorr Str+3 Int-4}
rCold   . . .      Faith    .    c - +0 buckler
rNeg    + + +      Spirit   .    b - +0 scale mail
rPois   .          Reflect  .    m - +2 hat
rElec   .          Rampage  .    (no cloak)
rCorr   +                        (no gloves)
Will    .....                    (no boots)
Stlth   +++                      p - amulet of the acrobat
HPRegen 0.27/turn                o - +4 ring of slaying
MPRegen 0.11/turn                (no ring)

@: no status effects
A: small, no large weapons, nightstalker 3
a: no special abilities


You were on level 5 of the Dungeon.
You visited 2 branches of the dungeon, and saw 6 of its levels.
You also visited: Ossuary.

You collected 246 gold pieces.

Inventory:

Hand Weapons
 a - a +0 rapier
 e - the +7 spear of Impish Purpose (weapon) {freeze, rN+++ rCorr Str+3 Int-4}
   (You found it on level 3 of the Dungeon)

   Str:       It affects your strength (+3).
   Int:       It affects your intelligence (-4).
   rN:        It renders you almost immune to negative energy.
   rCorr:     It protects you from acid and corrosion.
Armour
 b - a +0 scale mail (worn)
 c - a +0 buckler (worn)
 m - a +2 hat (worn)
Jewellery
 j - an amulet of magic regeneration
 o - a +4 ring of slaying (left hand)
 p - an amulet of the acrobat (around neck)
 s - a ring of willpower
Scrolls
 g - a scroll of fog
 k - 2 scrolls of enchant weapon
 u - a scroll of magic mapping
Potions
 d - a potion of might
 f - 2 potions of lignification
 h - 2 potions of berserk rage
 i - 9 potions of curing
 l - a potion of attraction
 n - a potion of resistance
 r - a potion of heal wounds
 t - a potion of magic {unknown}
 v - 6 potions of mutation
 w - 3 potions of flight


   Skills:
 - Level 3.2 Fighting
 * Level 8.4 Short Blades
 - Level 2.2 Polearms
 - Level 2.4 Armour
 + Level 7.5 Stealth
 - Level 2.4 Shields


You had 7 spell levels left.
You didn't know any spells.
Your spell library contained the following spells:

 Spells                   Type           Power      Damage    Failure   Level
 Necrotise                Necr           0%         1d4       95%         1
 Vampiric Draining        Necr           0%         2d6       100%        3
 Agony                    Necr           0%         N/A       100%        5
 Borgnjor's Revivificati  Necr           0%         N/A       100%        8
 Necromutation            Tmut/Necr      0%         N/A       100%        8
 Death's Door             Necr           0%         N/A       100%        9


Dungeon Overview and Level Annotations

Branches:
Dungeon (5/15)             Temple (1/1) D:5         Ossuary (visited)

Altars:
Ashenzari
Cheibriados
Elyvilon
Fedhas
Kikubaaqudgha
Nemelex Xobeh
Okawaru
Sif Muna
Trog
Uskayaw
Vehumet
Wu Jian
Xom
Yredelemnul
Zin


Innate Abilities, Weirdness & Mutations

You are small and have problems with some larger weapons.
You are completely attuned to the shadows.


Message History

The jackal barely misses you. The jackal closely misses you.
You barely miss the jackal.
The jackal bites you but does no damage. x2
The jackal bites you.
You puncture the orc! You freeze the orc.
You kill the orc!
The jackal bites you but does no damage. x2
You puncture the jackal! You freeze the jackal.
You kill the jackal!
The jackal bites you but does no damage.
You hit the ogre. You freeze the ogre.
The ogre is moderately wounded.
The jackal bites you but does no damage.
You block the ogre's attack.
The jackal bites you but does no damage.
You completely miss the ogre.
The ogre is moderately wounded.
The jackal bites you but does no damage.
The ogre hits you with a +0 giant club!!
Unknown command.
The jackal completely misses you. The ogre attacks as you move away!
The ogre hits you with a +0 giant club. The jackal completely misses you.
The jackal completely misses you. The jackal attacks as you move away!
The jackal completely misses you. The jackal misses you.
The jackal completely misses you. The jackal misses you.
You block the jackal's attack. The jackal misses you.
The jackal completely misses you.
Reach: e) +7 spear of Impish Purpose {freeze, rN+++ rCorr Str+3 Int-4}
Press: ? - help, Dir - move target, f - ogre
Aim: an ogre, wielding a +0 giant club (moderately wounded, about 17% to evade the +7 spear of Impish Purpose)
The jackal is in the way.
You hit the jackal. You freeze the jackal.
You kill the jackal!
You puncture the ogre! You freeze the ogre.
The ogre is severely wounded.
The ogre hits you with a +0 giant club!!
Ouch! That really hurt!
You die...

*,....* #.#.# *,*
*,.?..***###.#.#####*,*
*,,,,,,,............,,*
*,,,,,**####.#.#####***
*,,,,,* #.#.# ******* #.#.#
######.#.#** ######
#.....>*,,,*
.....###########@#*******,*
####.##........O.# *,* *
#.##.########## *,* *
#.##.# *,* ####.##O## *,*
.........# *,* ####.##..#
*,* ......#..# *,*
####).#..# *,*


You could see an ogre.

Vanquished Creatures
  Sigmund (D:5)
  A scorpion (D:4)
  4 wights (D:5)
  2 human zombies (Ossuary)
  2 hounds
  An iguana (D:5)
  Terence (D:2)
  2 sleepcaps (D:4)
  4 mummies
  3 adders
  A worm (D:2)
  9 orcs
  11 ball pythons
  13 endoplasms
  4 giant cockroaches
  2 gnoll zombies (Ossuary)
  6 goblins
  8 hobgoblins
  8 jackals
  6 quokkas
  A hobgoblin zombie (Ossuary)
  7 kobolds
  A kobold zombie (Ossuary)
  2 orc zombies (Ossuary)
  5 rats
105 creatures vanquished.

Notes
Turn   | Place    | Note
-------+----------+-------------------------------------------
     0 | D:1      | Ic0nGaming the Kobold Fighter began the quest for the Orb.
     0 | D:1      | Reached XP level 1. HP: 14/14 MP: 1/1
    93 | D:1      | Reached skill level 3 in Short Blades
   198 | D:1      | Reached XP level 2. HP: 4/19 MP: 2/2
   382 | D:1      | Reached skill level 4 in Short Blades
   455 | D:1      | Reached skill level 1 in Stealth
   455 | D:1      | Reached XP level 3. HP: 23/23 MP: 3/3
  1125 | D:2      | Found a blossoming altar of Fedhas.
  1439 | D:2      | Reached XP level 4. HP: 18/28 MP: 4/4
  1609 | D:2      | Reached skill level 5 in Short Blades
  1770 | D:2      | Noticed Terence
  1790 | D:2      | Killed Terence
  1791 | D:2      | Reached XP level 5. HP: 29/32 MP: 5/5
  2145 | D:3      | Identified the +7 spear of Impish Purpose {freeze, rN+++
                  | rCorr Str+3 Int-4}
  2188 | D:3      | Found an ancient bone altar of Kikubaaqudgha.
  3245 | D:4      | Reached skill level 1 in Polearms
  3245 | D:4      | Reached XP level 6. HP: 37/37 MP: 6/6
  3697 | D:4      | Reached skill level 5 in Stealth
  3934 | D:5      | Entered Level 5 of the Dungeon
  3946 | D:5      | Found a sand-covered staircase.
  3952 | Ossuary  | Entered an ossuary
  4133 | Ossuary  | Reached XP level 7. HP: 41/41 MP: 7/7
  4145 | Ossuary  | Reached skill level 6 in Short Blades
  4254 | D:5      | Noticed Sigmund
  4262 | D:5      | Killed Sigmund
  4263 | D:5      | Reached skill level 7 in Short Blades
  4314 | D:5      | Found a staircase to the Ecumenical Temple.
  4324 | D:5      | Reached XP level 8. HP: 29/46 MP: 8/8
  4327 | D:5      | Reached skill level 8 in Short Blades
  4487 | Temple   | Entered the Ecumenical Temple
  4760 | D:5      | Slain by an ogre

Illustrated notes

Levels and vault maps discovered:
D:1:      minmay_arrival_widening_spiral_wide, layout_loops_ring, serial_bayou,
          serial_bayou_pond_b, serial_bayou_pond_b, serial_bayou_pond_c,
          serial_bayou_shore_b
D:2:      layout_loops_ring, basic_altar, uniq_terence
D:3:      layout_basic, lemuel_crystal_altar
D:4:      layout_loops_corners, kennysheep_small_spiral, hellmonk_no_cap
D:5:      layout_loops_ring, temple_fountains, nicolae_ossuary_entry_giza,
          corexii_shack, uniq_sigmund
Temple:   cyrus_circular_temple

Skill      XL: |  1  2  3  4  5  6  7  8 |
---------------+-------------------------+-----
Short Blades   | 3 4 5 7 8 |  8.4
Stealth        | 1 2 3 4 5 7 |  7.5
Polearms       | 1 2 |  2.2
Fighting       | |  3.2
Armour         | |  2.4
Shields        | |  2.4

Action                     |  1- 3 |  4- 6 |  7- 9 || total
---------------------------+-------+-------+-------++-------
  Melee: Rapier            |   106 |    52 |       ||   158
         Spear             |       |    84 |    49 ||   133
    Use: Scroll            |     2 |    10 |     3 ||    15
         Potion            |       |     1 |       ||     1
   Stab: Distracted        |     1 |     1 |       ||     2
         Sleeping          |     3 |    20 |     4 ||    27
 Armour: Scale mail        |    32 |    24 |    15 ||    71
         Skin              |       |     7 |       ||     7
  Dodge: Dodged            |    44 |    31 |    32 ||   107
  Block: Buckler           |    19 |    23 |     8 ||    50

Table legend: (Time is in decaauts)
 A = Elapsed time spent in this place.
 B = Non-inter-level travel time spent in this place.
 C = Inter-level travel time spent in this place.
 D = Time resting spent in this place.
 E = Time spent auto-exploring this place.
 F = Levels seen in this place.
 G = Mean time per level.
                   A        B        C        D        E       F      G
               +--------+--------+--------+--------+--------+-----+--------+
         Total |   4793 |   4722 |     71 |    591 |   3152 |   7 |  684.7 |
       Dungeon |   4425 |   4354 |     71 |    575 |   2925 |   5 |  885.0 |
        Temple |    114 |    114 |      0 |      0 |     84 |   1 |  114.0 |
       Ossuary |    253 |    253 |      0 |     16 |    143 |   1 |  253.0 |
               +--------+--------+--------+--------+--------+-----+--------+

Top non-repeatable levels by time:
     D:4: 1161 daAuts
     D:1: 1053 daAuts
     D:2: 1044 daAuts
     D:3: 711 daAuts
     D:5: 454 daAuts
 Ossuary: 253 daAuts
  Temple: 114 daAuts
